Map: Ascension to Aiur LE

Players

VampyWorm

  • Race: Protoss Protoss
  • League: Master
  • Spawn Location: 5:00

FarmCakes - Winner!

  • Race: Zerg Zerg
  • League: Master
  • Spawn Location: 11:00

VOD

https://go.twitch.tv/videos/186074637

Description

Time

  • Played on: Oct. 28, 2017, 1 p.m.
  • Length: 11:21
Show
View Real Time Build Order
Export as new Build Order

VampyWorm Protoss 

Build Orders: Zealot Archon, Dark Templar Rush 

Get SALT Encoding   

  12  0:01  Probe (Chrono Boost)  
  13  0:12  Probe (Chrono Boost)  
  14  0:23  Pylon, Probe (Chrono Boost)  
  15  0:42  Probe (Chrono Boost)  
  16  0:52  Probe (Chrono Boost)  
  17  1:08  Nexus  
  17  1:12  Gateway  
  17  1:16  Assimilator  
  17  1:18  Probe (Chrono Boost)  
  18  1:29  Gateway  
  18  1:32  Probe (Chrono Boost)  
  19  1:37  Assimilator  
  19  1:42  Probe (Chrono Boost)  
  21  1:55  Pylon  
  21  2:00  Cybernetics Core  
  20  2:02  Probe (Chrono Boost)  
  21  2:13  Probe (Chrono Boost)  
  22  2:20  Probe (Chrono Boost)  
  22  2:23  Probe (Chrono Boost)  
  23  2:31  Probe (Chrono Boost)  
  23  2:34  Probe (Chrono Boost)  
  27  2:37  Adept x2 (Chrono Boost)  
  27  2:39  Warp Gate  
  29  2:45  Mothership Core (Chrono Boost)  
  31  2:54  Probe (Chrono Boost)  
  32  2:58  Adept (Chrono Boost)  
  32  3:05  Twilight Council  
  34  3:06  Probe (Chrono Boost)  
  35  3:13  Pylon  
  35  3:15  Probe (Chrono Boost)  
  35  3:18  Probe (Chrono Boost)  
  37  3:26  Probe (Chrono Boost)  
  38  3:28  Probe (Chrono Boost)  
  39  3:36  Probe (Chrono Boost)  
  40  3:49  Robotics Facility  
  40  3:52  Dark Shrine  
  40  3:55  Probe x2 (Chrono Boost)  
  40  4:01  Assimilator  
  40  4:06  Probe x2 (Chrono Boost)  
  42  4:16  Probe (Chrono Boost)  
  42  4:17  Probe (Chrono Boost)  
  44  4:19  Pylon  
  44  4:23  Gateway x2  
  42  4:32  Warp Prism (Chrono Boost)  
  42  4:33  Probe (Chrono Boost)  
  42  4:35  Charge (Chrono Boost)  
  42  4:36  Probe (Chrono Boost)  
  46  4:42  Assimilator  
  46  4:44  Pylon  
  46  4:45  Probe  
  47  4:48  Probe  
  48  4:54  Pylon  
  48  4:57  Probe  
  49  5:00  Probe  
  49  5:05  Observer  
  50  5:09  Probe  
  50  5:13  Probe  
  53  5:21  Dark Templar x3  
  57  5:23  Dark Templar  
  57  5:25  Archon  
  57  5:26  Archon  
  61  5:43  Nexus  
  61  5:45  Pylon  
  61  5:55  Zealot x4  
  69  5:59  Probe  
  67  6:18  Zealot x3  
  67  6:19  Zealot  
  67  6:20  Probe  
  67  6:22  Probe  
  56  6:32  Probe  
  56  6:34  Pylon, Probe  
  57  6:40  Immortal  
  57  6:43  Dark Templar x2  
  57  6:44  Zealot x2  
  57  6:45  Probe  
  57  6:46  Probe  
  71  6:52  Gateway, Archon  
  71  6:54  Pylon  
  71  6:57  Probe  
  71  6:58  Probe  
  72  7:09  Dark Templar x2, Probe  
  72  7:14  Archon  
  72  7:15  Immortal  
  77  7:16  Dark Templar  
  77  7:17  Dark Templar  
  77  7:20  Nexus  
  77  7:22  Archon  
  85  7:26  Pylon  
  85  7:27  Probe  
  86  7:34  Pylon  
  88  7:44  Probe x2  
  88  7:45  Pylon  
  88  7:48  Forge  
  88  7:49  Immortal  
  88  7:51  Gateway  
  88  7:56  Probe  
  93  8:01  Dark Templar x2  
  97  8:06  Dark Templar  
  97  8:08  Archon  
  97  8:09  Dark Templar  
  101  8:13  Archon  
  101  8:20  Zealot  
  101  8:26  Immortal  
  103  8:32  Protoss Ground Weapons Level 1  
  107  8:38  Zealot x2  
  107  8:39  Zealot  
  107  8:41  Zealot  
  115  8:42  Zealot  
  103  9:02  Dark Templar  
  103  9:03  Dark Templar, Zealot, Probe  
  103  9:04  Zealot x2, Probe x2  
  116  9:13  Probe  
  116  9:15  Archon  
  116  9:16  Probe  
  116  9:17  Probe  
  119  9:24  Probe  
  118  9:42  Dark Templar x2  
  118  9:43  Dark Templar  
  124  9:53  Archon  
  124  9:56  Pylon  
  124  9:58  Pylon  
  124  10:00  Pylon, Immortal  
  124  10:03  Robotics Bay  
  124  10:05  Pylon  
  124  10:09  Gateway  
  124  10:10  Dark Templar x3, Gateway  
  110  10:18  Probe  
  110  10:20  Adept x2  
  115  10:21  Probe  
  115  10:23  Archon  
  115  10:24  Probe  
  113  10:29  Zealot  
  113  10:32  Probe  
  109  10:40  Photon Cannon  
  98  10:46  Zealot x2  
  98  10:54  Probe  
  98  10:55  Probe x2  
  95  11:05  Probe  
Show
View Real Time Build Order
Export as new Build Order

FarmCakes Zerg - Winner!

Build Orders: Hatch First 

Get SALT Encoding   

  12  0:00  Drone  
  13  0:07  Drone  
  14  0:16  Overlord  
  14  0:22  Extractor  
  14  0:23  Drone  
  15  0:35  Drone x2  
  17  0:52  Hatchery  
  17  0:55  Drone  
  17  0:58  Drone  
  18  1:09  Extractor  
  17  1:12  Spawning Pool  
  17  1:16  Drone  
  17  1:20  Drone  
  18  1:27  Drone  
  19  1:37  Overlord  
  19  1:59  Zergling x4, Queen  
  23  2:03  Queen  
  23  2:04  Drone  
  26  2:10  Metabolic Boost  
  26  2:12  Drone  
  26  2:14  Drone  
  28  2:23  Drone  
  28  2:28  Drone  
  30  2:35  Drone  
  31  2:40  Hatchery  
  31  2:43  Drone  
  31  2:49  Overlord  
  31  2:51  Zergling x2  
  32  2:52  Drone  
  33  2:58  Zergling x2, Evolution Chamber  
  33  3:03  Overlord  
  33  3:08  Drone x3  
  36  3:16  Drone x3  
  39  3:20  Drone x2  
  39  3:24  Drone  
  42  3:27  Drone  
  43  3:34  Drone  
  43  3:38  Zergling x2  
  43  3:40  Zerg Melee Weapons Level 1  
  44  3:46  Drone, Queen  
  47  3:49  Drone  
  47  3:53  Drone  
  49  3:57  Drone  
  49  3:59  Queen  
  49  4:01  Drone  
  52  4:09  Drone x2  
  56  4:11  Lair  
  56  4:12  Drone x2  
  56  4:13  Extractor, Drone x2  
  57  4:19  Overlord x3  
  57  4:31  Spore Crawler x3  
  55  4:33  Spore Crawler  
  55  4:36  Drone  
  54  4:40  Zergling x8  
  54  4:41  Zergling x2  
  54  4:43  Drone x2  
  61  4:46  Queen  
  61  4:48  Drone x2  
  65  4:54  Drone  
  65  4:55  Drone x4  
  71  5:07  Zergling x10  
  71  5:14  Hydralisk Den  
  74  5:15  Baneling Nest  
  74  5:16  Extractor, Drone x6  
  78  5:23  Queen  
  78  5:26  Zergling x2  
  78  5:28  Overlord x2  
  81  5:29  Overlord  
  81  5:43  Muscular Augments  
  81  5:48  Drone x2  
  81  5:49  Extractor, Drone x2, Hydralisk x2  
  84  5:50  Hydralisk  
  90  5:59  Spine Crawler, Baneling x2  
  90  6:03  Zergling x8  
  90  6:04  Zergling x10  
  86  6:18  Zergling x6  
  86  6:19  Zergling x6  
  86  6:28  Hydralisk x3  
  88  6:35  Drone x2  
  88  6:37  Extractor  
  88  6:39  Extractor  
  88  6:43  Drone x3  
  91  6:47  Hatchery  
  91  6:50  Drone x2  
  91  6:54  Zerg Melee Weapons Level 2  
  92  6:55  Hatchery  
  91  7:02  Overlord x2  
  91  7:05  Overlord x2  
  88  7:13  Centrifical Hooks  
  88  7:19  Overlord x5  
  88  7:22  Hydralisk x3  
  88  7:23  Hydralisk x2  
  88  7:28  Hydralisk  
  100  7:36  Hydralisk x2  
  104  7:43  Hydralisk x2  
  108  7:45  Overlord x2  
  108  7:46  Zergling x10  
  108  7:51  Drone x3  
  116  7:55  Queen  
  116  7:56  Hydralisk x3  
  124  8:02  Queen  
  124  8:03  Drone  
  124  8:04  Drone  
  128  8:09  Zergling x8  
  128  8:10  Zergling x2  
  128  8:12  Baneling x2  
  133  8:13  Baneling x5  
  133  8:19  Extractor, Drone x4  
  136  8:21  Baneling x3  
  136  8:22  Zergling x4  
  138  8:27  Drone  
  138  8:28  Drone x3  
  138  8:30  Spine Crawler  
  141  8:38  Zergling x10  
  141  8:39  Zergling x2  
  147  8:44  Spore Crawler  
  147  8:45  Spine Crawler  
  145  8:49  Zergling x8  
  143  9:04  Zergling x24  
  143  9:05  Zergling x6  
  158  9:10  Infestation Pit, Zerg Missile Weapons Level 1  
  158  9:12  Burrow  
  158  9:13  Zergling x2  
  158  9:14  Zergling x4  
  158  9:15  Evolution Chamber  
  158  9:16  Drone x2  
  161  9:26  Baneling x7  
  161  9:29  Hatchery  
  160  9:36  Zergling x2  
  160  9:37  Zergling x16  
  165  9:38  Baneling x2  
  165  9:39  Baneling x4  
  165  9:47  Drone x3  
  162  10:02  Zergling x4  
  162  10:03  Zergling x26  
  161  10:15  Zergling x8  
  161  10:16  Zergling x18  
  165  10:30  Spire  
  165  10:32  Overseer x3  
  165  10:34  Zergling x8  
  165  10:35  Zergling x8  
  164  10:44  Zergling x12  
  164  10:45  Zergling x4  
  164  10:49  Zergling x8  
  176  10:53  Zergling x6  
  179  11:00  Zergling x10  
Tags
 
Add a new tag
Caveats
  • Supply blocks, unpowered buildings, or Contaminate may cause inaccurate times.
  • Supply counts are checked every 10 seconds.